 Dungeon Crawl Stone Soup version 0.27.0 (webtiles) character file.

Game seed: 1082707273545128604

1225 mainiacjoe the Covert (level 8, -2/54 HPs)
             Began as an Octopode Delver on July 31, 2021.
             Killed by divine providence
             ... invoked by an orc priest
              (14 damage)
             ... on level 5 of the Dungeon.
             The game lasted 00:10:15 (2933 turns).

mainiacjoe the Covert (Octopode Delver)             Turns: 2933, Time: 00:10:16

Health: -2/54      AC:  5    Str: 12    XL:     8   Next: 47%
Magic:  8/8        EV: 14    Int: 12    God:
Gold:   92         SH:  0    Dex: 15    Spells: 7/7 levels left

rFire    . . .     SeeInvis .   w - +0 dagger
rCold    . . .     Faith    .   (no shield)
rNeg     . . .     Spirit   .   (helmet restricted)
rPois    .         Reflect  .   (no amulet)
rElec    .         Harm     .   g - +4 ring of protection
rCorr    .         Rampage  .   (no ring)
Will     .....                  (no ring)
Stlth    ++++++....             (no ring)
HPRegen  0.18/turn              (no ring)
MPRegen  0.11/turn              (no ring)
                                (no ring)
                                (no ring)

@: hasted, very quick
A: almost no armour, amphibious, 8 rings, camouflage 1, gelatinous body 1,
(nimble swimmer 1), tentacles
a: no special abilities


You were on level 5 of the Dungeon.
You visited 1 branch of the dungeon, and saw 4 of its levels.

You collected 92 gold pieces.

Inventory:

Hand Weapons
 a - a +2 spear of venom
 b - a +0 hunting sling
 s - a +0 short sword
 w - a +0 dagger (weapon)
Missiles
 i - 60 sling bullets
 j - 60 stones
 o - 19 poisoned darts (quivered)
 q - 16 arrows
Jewellery
 g - a +4 ring of protection (left tentacle)
Wands
 d - a wand of flame (12)
 f - a wand of digging (3)
Scrolls
 c - a scroll of enchant weapon {unknown}
 h - 4 scrolls of identify {unknown}
 k - a scroll of teleportation {unknown}
 l - 2 scrolls of acquirement {unknown}
 m - 2 scrolls of fog
 p - a scroll of enchant armour {unknown}
 r - a scroll of fear
Potions
 n - a potion of degeneration {unknown}


   Skills:
 * Level 4.1 Fighting
 - Level 6.0 Short Blades
 + Level 2.8 Dodging
 - Level 12.0 Stealth


You had 7 spell levels left.
You didn't know any spells.
Your spell library contained the following spells:

 Spells                   Type           Power      Damage    Failure   Level
 Passwall                 Tmut/Erth      0%         N/A       45%         2
 Call Canine Familiar     Summ           0%         N/A       69%         3
 Frozen Ramparts          Ice            0%         1d2       69%         3
 Portal Projectile        Hex/Tloc       0%         N/A       69%         3
 Stone Arrow              Conj/Erth      0%         3d7       69%         3
 Swiftness                Air            0%         N/A       69%         3
 Ice Form                 Ice/Tmut       0%         N/A       97%         4
 Leda's Liquefaction      Hex/Erth       0%         N/A       97%         4
 Summon Ice Beast         Ice/Summ       0%         N/A       97%         4
 Bolt of Magma            Conj/Fire/Erth 0%         4d4       100%        5
 Invisibility             Hex            0%         N/A       100%        6
 Shatter                  Erth           0%         3d5*      100%        9


Dungeon Overview and Level Annotations

Branches:
Dungeon (7/15)
 Temple: D:4-7

Altars:
Gozag

Portals:
Abyss: D:4

Annotations:
D:4 2 transporters, Charcat's ghost, novice HOFi
D:5 3 runed translucent doors, exclusions: shadow imp and zombie


Innate Abilities, Weirdness & Mutations

You cannot wear most types of armour.
You are amphibious.
You can wear up to eight rings at the same time.
Your skin changes colour to match your surroundings (Stealth+).
Your rubbery body absorbs attacks. (AC +1, EV +1)
((You are camouflaged near water. (Stealth+)))
You have tentacles for arms and can constrict up to eight enemies at once.


Message History

You barely miss the orc. You grab the orc.
The orc is severely wounded.
You constrict the orc.
You kill the orc!
You reach to attack!
You closely miss the orc priest.
The orc priest is moderately wounded.
Something hits you. Something hits you but does no damage.
Something you can't see is in the way.
You miss something.
The orc priest invokes the aid of Beogh against you.
Beogh smites you! Something hits you.
You are too injured to fight recklessly!
You are too injured to fight recklessly!
You closely miss something.
The orc priest calls down the wrath of Beogh upon you.
Beogh smites you!
* * * LOW HITPOINT WARNING * * *
Something hits you but does no damage.
Unknown command.
Aiming: Throw Flame
Press: ? - help, Shift-Dir - straight line, f - orc, p - orc priest
Aim: an orc, wielding a +0 hand axe (68% to hit)
The puff of flame hits the orc priest.
The orc priest is moderately wounded.
Something hits you but does no damage.
Unknown command.
Aiming: Throw Flame
Press: ? - help, Shift-Dir - straight line, f/p - orc
Aim: an orc, wielding a +0 hand axe (68% to hit)
The puff of flame misses the orc priest.
The puff of flame misses the orc.
Something hits you but does no damage.
You feel yourself speed up. Something hits you.
* * * LOW HITPOINT WARNING * * *
Your +2 spear of venom stops dripping with poison.
w - a +0 dagger (weapon)
You hit something. Something hits you but does no damage.
You hit something. Your squeeze misses something.
You hit something but do no damage.
The orc priest mumbles some strange prayers to Beogh against you.
Beogh smites you!
You die...

# #
#..#####..............
#.........####.#######
. ##....##.## #.# .
#.##.##.#####<#
#.##..........#
#.#.###.......####<.#
....................#
..#.###.##.#######.##
##.##@# #.# #...#)#
#.# #...#o# #.#
#.##...#o## #.#
#...oo....# #.#
#.........# #>#
#.........# #.########
#..#...#### #.#.....Y.
.. #... #.#.######


You could see an orc priest and an orc.

Vanquished Creatures
  A black bear (D:6)
  An ice beast (D:5)
  2 necrophages
  2 ogres
  A phantom (D:5)
  3 bullfrogs (D:7)
  A scorpion (D:6)
  2 water moccasin zombies (D:5)
  A jelly (D:6)
  An orc priest (D:6)
  A centaur skeleton (D:6)
  2 iguanas (D:6)
  An orc wizard (D:6)
  A hound skeleton (D:4)
  A howler monkey skeleton (D:7)
  4 adders
  3 gnolls (D:6)
  2 ufetubi
  5 orcs
  2 endoplasms (D:4)
  A giant cockroach (D:4)
  2 hobgoblins (D:4)
  A quokka (D:4)
  A ball python (D:4)
42 creatures vanquished.

Vanquished Creatures (others)
  2 withered plants (D:5)
2 creatures vanquished.

Grand Total: 44 creatures vanquished

Notes
Turn   | Place    | Note
-------+----------+-------------------------------------------
     0 | D:5      | mainiacjoe the Octopode Delver began the quest for the Orb.
     0 | D:5      | Reached XP level 1. HP: 16/16 MP: 1/1
   101 | D:4      | Noticed a necrophage
   109 | D:4      | Killed a necrophage
   110 | D:4      | Reached skill level 9 in Stealth
   110 | D:4      | Reached XP level 2. HP: 17/21 MP: 2/2
   110 | D:4      | Reached XP level 3. HP: 21/26 MP: 3/3
   110 | D:4      | Reached XP level 4. HP: 26/31 MP: 4/4
   439 | D:4      | Noticed a small abomination
   440 | D:4      | Found a transporter.
   444 | D:4      | Found a one-way gate to the infinite horrors of the Abyss.
   444 | D:4      | Noticed a kobold brigand
   444 | D:4      | Noticed Charcat's ghost (novice HOFi)
   450 | D:4      | Noticed an ancient zyme
   572 | D:4      | Found a transporter.
   591 | D:4      | Reached XP level 5. HP: 36/36 MP: 5/5
   802 | D:4      | Found an opulent altar of Gozag.
   946 | D:5      | Noticed a phantom
   966 | D:5      | Killed a phantom
   967 | D:5      | Reached skill level 10 in Stealth
  1181 | D:5      | Found a runed translucent gate.
  1181 | D:5      | Found a runed translucent gate.
  1181 | D:5      | Found a runed translucent gate.
  1195 | D:5      | Noticed an ice beast
  1554 | D:5      | Noticed a necrophage
  1559 | D:5      | Reached XP level 6. HP: 35/42 MP: 6/6
  1568 | D:5      | Reached skill level 11 in Stealth
  1575 | D:5      | Noticed a black bear
  1848 | D:5      | Killed an ice beast
  2027 | D:5      | You fall into a shaft and drop 2 floors!
  2060 | D:7      | Reached XP level 7. HP: 46/46 MP: 7/7
  2071 | D:7      | Reached skill level 12 in Stealth
  2257 | D:6      | Reached skill level 5 in Short Blades
  2262 | D:6      | Reached XP level 8. HP: 52/52 MP: 8/8
  2933 | D:5      | Killed from afar by an orc priest

Illustrated notes

Levels and vault maps discovered:
D:4:      layout_loops_ring, mainiacjoe_overflow_surrounded_room,
          gammafunk_ghost_abyssal_escape, hangedman_decor_opposing,
          grunt_decor_one_mirror
D:5:      layout_loops_ring, minmay_temple_entry_drinking_statues,
          gammafunk_ghost_icy, serial_undead, serial_undead_a, serial_undead_e,
          serial_undead_f, serial_undead_d
D:6:      layout_basic, st_stairs_4
D:7:      minmay_angry_zag, layout_loops_ring

Skill      XL: |  1  2  3  4  5  6  7  8 |
---------------+-------------------------+-----
Stealth        | 9 10 11 12 | 12.0
Short Blades   | 5 6 |  6.0
Fighting       | 4 |  4.1
Dodging        | |  2.8

Action                   |  1- 3 |  4- 6 |  7- 9 || total
-------------------------+-------+-------+-------++-------
Melee: Short sword       |     3 |    40 |    35 ||    78
       Constrict         |     1 |     7 |     8 ||    16
       Tentacles         |     1 |     7 |    11 ||    19
       Spear             |       |    10 |    12 ||    22
       Dagger            |       |       |     8 ||     8
Throw: Stone             |       |     7 |     1 ||     8
       Dart              |       |       |    18 ||    18
Evoke: Wand              |       |       |     2 ||     2
  Use: Scroll            |       |     1 |     1 ||     2
       Potion            |       |       |     1 ||     1
 Stab: Sleeping          |     2 |    10 |    11 ||    23
Armor: Skin              |       |     4 |    13 ||    17
Dodge: Dodged            |       |    20 |    24 ||    44
